Map: Cactus Valley LE (Void)

Players

Geeden - Winner!

  • Race: Zerg Zerg

Bop

  • Race: Protoss Protoss

VOD

Have the link to the VOD?

Description

Time

  • Played on: May 7, 2015, 3:50 a.m.
  • Length: 14:31
Show
View Real Time Build Order
Export as new Build Order

Geeden Zerg - Winner!

Build Orders: 3 Hatch before Pool 

Get SALT Encoding   

  12  0:00  Drone  
  13  0:08  Drone  
  14  0:17  Extractor  
  14  0:18  Drone, Extractor  
  13  0:23  Drone  
  16  0:29  Overlord  
  16  0:48  Drone  
  17  0:56  Hatchery  
  16  0:59  Drone  
  17  1:07  Drone x2  
  19  1:29  Hatchery  
  18  1:33  Drone  
  18  1:35  Drone  
  18  1:37  Extractor  
  19  1:49  Spawning Pool  
  19  1:51  Drone  
  19  1:55  Drone  
  19  2:00  Drone  
  21  2:11  Drone, Overlord  
  22  2:33  Drone x4  
  22  2:36  Queen  
  28  2:38  Queen  
  28  2:43  Metabolic Boost  
  30  2:49  Drone x2  
  32  2:56  Queen  
  34  2:59  Drone  
  34  3:00  Drone  
  34  3:03  Drone  
  34  3:05  Drone  
  38  3:09  Overlord  
  38  3:17  Queen  
  40  3:20  Overlord  
  40  3:26  Drone x2  
  42  3:27  Drone x3  
  42  3:29  Zergling x2  
  42  3:30  Zergling x2  
  47  3:44  Zergling x6  
  50  3:59  Zergling x16  
  58  4:08  Zergling x2  
  58  4:09  Overlord  
  57  4:10  Overlord  
  57  4:16  Extractor  
  54  4:22  Zergling x8  
  57  4:29  Drone x3  
  57  4:30  Drone x5  
  65  4:36  Drone x4  
  69  4:38  Extractor  
  69  4:40  Extractor  
  69  4:45  Drone x4  
  70  4:46  Drone x2  
  70  4:51  Overlord x2  
  73  4:54  Evolution Chamber  
  73  4:58  Evolution Chamber, Burrow, Roach Warren  
  70  5:03  Drone x4  
  74  5:07  Overlord  
  74  5:09  Lair  
  74  5:10  Drone  
  74  5:11  Drone  
  76  5:22  Zerg Melee Weapons Level 1  
  76  5:25  Drone x7  
  76  5:26  Drone  
  84  5:31  Drone x5  
  89  5:35  Zerg Ground Armor Level 1  
  89  5:41  Spore Crawler  
  88  5:45  Spore Crawler  
  87  5:55  Queen  
  89  6:05  Overlord  
  89  6:08  Queen  
  89  6:09  Drone x4, Queen  
  89  6:11  Glial Reconstitution  
  97  6:12  Infestation Pit  
  97  6:14  Extractor x2  
  94  6:18  Drone x4  
  94  6:19  Overlord x2  
  97  6:28  Drone x6  
  101  6:35  Drone x5  
  106  6:51  Hatchery  
  99  7:06  Hive  
  99  7:09  Zergling x2  
  99  7:10  Zergling x20  
  109  7:25  Zerg Melee Weapons Level 2  
  109  7:34  Zerg Ground Armor Level 2  
  109  7:37  Pathogen Glands  
  109  7:39  Hydralisk Den  
  109  7:41  Extractor  
  107  7:44  Extractor  
  107  7:46  Zergling x14  
  107  7:47  Zergling x16  
  107  7:49  Overseer  
  107  7:51  Overseer  
  121  7:52  Overlord x2  
  121  7:57  Overlord  
  121  7:58  Overlord  
  121  8:02  Queen x2  
  125  8:12  Lurker Den  
  125  8:24  Pneumatized Carapace  
  125  8:25  Adrenal Glands  
  125  8:28  Hatchery, Ultralisk Cavern  
  125  8:30  Drone  
  125  8:32  Spire  
  123  8:46  Queen  
  123  8:47  Queen  
  127  8:49  Overlord x3  
  127  8:56  Drone x2  
  127  8:57  Drone, Spore Crawler  
  127  8:58  Drone, Spine Crawler  
  127  8:59  Drone x9, Spine Crawler  
  127  9:01  Spine Crawler  
  136  9:05  Overlord  
  136  9:15  Chitinous Plating  
  142  9:17  Ultralisk x4  
  142  9:20  Queen x8  
  159  9:30  Spire  
  158  9:38  Evolution Chamber  
  158  9:40  Ultralisk x2  
  158  9:42  Viper x3  
  178  9:48  Drone x19  
  178  9:50  Zerg Flyer Weapons Level 1  
  173  10:01  Drone x15  
  173  10:05  Zerg Missile Weapons Level 1, Zerg Melee Weapons Level 3  
  167  10:21  Queen  
  166  10:27  Zerg Ground Armor Level 3  
  168  10:38  Muscular Augments  
  168  10:52  Spine Crawler  
  168  10:53  Spore Crawler  
  168  10:54  Spine Crawler  
  168  10:56  Hatchery  
  164  10:57  Spine Crawler  
  162  11:25  Spine Crawler  
  161  11:26  Spine Crawler  
  161  11:27  Spine Crawler  
  161  11:29  Spine Crawler  
  158  11:45  Zerg Flyer Weapons Level 2  
  158  11:47  Greater Spire  
  158  12:11  Hatchery  
  117  12:46  Hydralisk x4  
  117  12:47  Hydralisk x23  
  117  12:48  Hydralisk x7  
  117  12:51  Zergling x4  
  181  12:52  Overlord  
  181  12:53  Overlord x2  
  167  13:05  Zergling x38  
  174  13:14  Overlord  
  173  13:25  Overseer  
Show
View Real Time Build Order
Export as new Build Order

Bop Protoss 

Build Orders: Nexus First 

Get SALT Encoding   

  12  0:01  Probe  
  13  0:13  Probe  
  14  0:43  Nexus  
  14  0:53  Pylon  
  15  1:11  Probe (Chrono Boost)  
  15  1:12  Gateway  
  15  1:19  Assimilator  
  15  1:23  Probe (Chrono Boost)  
  16  1:31  Probe (Chrono Boost)  
  17  1:40  Probe (Chrono Boost)  
  18  1:49  Probe (Chrono Boost)  
  19  1:57  Probe (Chrono Boost)  
  19  2:00  Cybernetics Core  
  20  2:04  Gateway  
  20  2:07  Probe (Chrono Boost)  
  21  2:09  Probe (Chrono Boost)  
  22  2:17  Probe (Chrono Boost)  
  22  2:19  Probe (Chrono Boost)  
  24  2:24  Probe  
  24  2:26  Probe  
  26  2:30  Pylon  
  26  2:36  Probe (Chrono Boost)  
  27  2:37  Adept  
  27  2:38  Probe (Chrono Boost)  
  27  2:39  Warp Gate  
  30  2:48  Probe (Chrono Boost)  
  30  2:51  Mothership Core (Chrono Boost)  
  33  2:57  Adept  
  33  2:58  Probe (Chrono Boost)  
  36  3:05  Probe x2 (Chrono Boost)  
  38  3:07  Pylon  
  38  3:12  Adept  
  40  3:17  Probe x2 (Chrono Boost), Assimilator  
  40  3:19  Assimilator  
  42  3:24  Adept  
  42  3:26  Probe (Chrono Boost)  
  46  3:27  Probe (Chrono Boost)  
  46  3:36  Probe (Chrono Boost)  
  46  3:38  Probe (Chrono Boost)  
  48  3:43  Adept  
  48  3:47  Assimilator  
  51  3:48  Probe (Chrono Boost)  
  51  3:57  Pylon  
  51  3:59  Pylon  
  51  4:09  Adept (Chrono Boost)  
  51  4:14  Zealot (Chrono Boost)  
  51  4:18  Stargate  
  51  4:19  Stargate  
  51  4:22  Probe x2  
  49  4:34  Probe x2, Forge  
  49  4:46  Probe  
  49  4:52  Gateway  
  50  4:54  Gateway  
  50  4:55  Probe  
  50  4:57  Sentry  
  50  4:58  Probe  
  54  5:00  Pylon  
  54  5:02  Pylon, Oracle (Chrono Boost)  
  54  5:07  Oracle (Chrono Boost)  
  57  5:13  Protoss Shields Level 1  
  60  5:24  Fleet Beacon  
  60  5:38  Void Ray (Chrono Boost)  
  64  5:55  Void Ray (Chrono Boost)  
  68  6:00  Photon Cannon  
  68  6:01  Photon Cannon  
  68  6:11  Adept x3  
  68  6:12  Adept  
  76  6:20  Nexus  
  80  6:30  Void Ray (Chrono Boost)  
  77  6:41  Probe x2  
  79  6:50  Void Ray (Chrono Boost)  
  79  6:53  Probe  
  83  7:02  Graviton Catapult (Chrono Boost)  
  83  7:15  Pylon  
  83  7:17  Pylon  
  83  7:23  Nexus  
  84  7:31  Probe (Chrono Boost)  
  84  7:33  Gateway, Photon Cannon, Carrier (Chrono Boost)  
  84  7:34  Gateway, Carrier (Chrono Boost)  
  84  7:35  Probe (Chrono Boost)  
  89  7:37  Pylon  
  89  7:39  Probe (Chrono Boost)  
  89  7:41  Probe  
  91  7:46  Twilight Council  
  91  7:54  Assimilator  
  91  7:58  Assimilator  
  99  7:59  Probe (Chrono Boost)  
  99  8:00  Probe (Chrono Boost)  
  101  8:10  Photon Cannon  
  101  8:12  Probe (Chrono Boost)  
  103  8:14  Photon Cannon  
  103  8:17  Probe (Chrono Boost)  
  104  8:21  Probe (Chrono Boost)  
  104  8:23  Probe (Chrono Boost)  
  105  8:29  Probe (Chrono Boost)  
  105  8:35  Probe (Chrono Boost)  
  105  8:38  Templar Archives  
  105  8:41  Probe (Chrono Boost)  
  107  8:44  Probe (Chrono Boost), Carrier (Chrono Boost)  
  107  8:45  Probe (Chrono Boost)  
  107  8:47  Probe (Chrono Boost)  
  110  8:51  Adept x3  
  122  9:14  Shield Upgrade  
  122  9:18  Carrier (Chrono Boost)  
  122  9:19  Pylon  
  122  9:21  Pylon  
  128  9:39  Pylon  
  128  9:42  High Templar x2  
  128  9:43  High Templar x2  
  128  9:45  Carrier (Chrono Boost)  
  136  9:50  Pylon  
  136  9:51  Photon Cannon  
  136  9:52  Photon Cannon  
  136  9:55  Psionic Storm  
  142  10:01  Pylon  
  140  10:10  Carrier (Chrono Boost)  
  126  10:24  Photon Cannon  
  126  10:26  Photon Cannon  
  126  10:28  Photon Cannon  
  132  10:33  Carrier (Chrono Boost)  
  132  10:35  Adept  
  132  10:36  Adept x5  
  143  10:45  Probe x2  
  151  11:00  Carrier (Chrono Boost)  
  151  11:03  Nexus  
  151  11:04  Pylon  
  154  11:18  Pylon  
  152  11:28  Carrier (Chrono Boost)  
  150  11:52  High Templar x2  
  154  12:03  Adept x4, Void Ray (Chrono Boost)  
  156  12:29  Void Ray (Chrono Boost)  
  140  12:39  Void Ray (Chrono Boost)  
  126  12:48  Nexus, Pylon  
  109  13:03  Probe  
  109  13:04  Probe x2, Void Ray (Chrono Boost)  
  114  13:15  Probe (Chrono Boost)  
  114  13:16  Probe x2 (Chrono Boost)  
  117  13:25  Pylon  
  117  13:26  Pylon  
  117  13:27  Pylon  
  117  13:28  Probe x3 (Chrono Boost)  
  119  13:36  Probe (Chrono Boost)  
  114  13:43  Forge  
  114  13:45  Void Ray (Chrono Boost)  
Tags
 
Add a new tag
Caveats
  • Supply blocks, unpowered buildings, or Contaminate may cause inaccurate times.
  • Supply counts are checked every 10 seconds.